 Dungeon Crawl Stone Soup version 0.29.0-4-gdea44cf6ec (webtiles) character file.

Game seed: 16052327286385358916

338 LadyBoffin the Grave Robber (level 6, -16/43 HPs)
             Began as a Human Necromancer on Aug 28, 2022.
             Was an Initiate of Yredelemnul.
             Killed from afar by a steam dragon (18 damage)
             ... with a ball of steam
             ... on level 6 of the Dungeon.
             The game lasted 00:36:33 (4172 turns).

LadyBoffin the Grave Robber (Human Necromancer)     Turns: 4172, Time: 00:36:34

Health: -16/43     AC:  2    Str:  9    XL:     6   Next: 86%
Magic:  9/12       EV: 12    Int: 17    God:    Yredelemnul [......]
Gold:   207        SH:  0    Dex: 13    Spells: 9/13 levels left

rFire   . . .      SeeInvis .   d - +0 dagger
rCold   . . .      Faith    .   (no shield)
rNeg    . . .      Spirit   .   a - +0 robe
rPois   .          Reflect  .   (no helmet)
rElec   .          Harm     .   (no cloak)
rCorr   .          Rampage  .   (no gloves)
Will    .....                   (no boots)
Stlth   ++........              (no amulet)
HPRegen 0.14/turn               o - +4 ring of slaying
MPRegen 0.13/turn               g - ring of flight

@: flying
A: no striking features
a: Renounce Religion, Recall Undead Harvest


You were on level 6 of the Dungeon.
You worshipped Yredelemnul.
Yredelemnul was noncommittal.
You visited 1 branch of the dungeon, and saw 5 of its levels.

You collected 207 gold pieces.

Inventory:

Hand Weapons
 d - a +0 dagger (weapon)
Armour
 a - a +0 robe (worn)
Jewellery
 g - a ring of flight (right hand)
 o - a +4 ring of slaying (left hand)
Wands
 m - a wand of polymorph (10)
Scrolls
 c - 2 scrolls of teleportation
 e - a scroll of amnesia {unknown}
 h - 3 scrolls of fear
 j - a scroll of torment {unknown}
 k - 2 scrolls of fog
 n - a scroll of poison
 p - a scroll of blinking {unknown}
Potions
 b - 2 potions of magic
 f - a potion of attraction
 i - a potion of berserk rage {unknown}
 l - a potion of degeneration (quivered) {unknown}
 q - a potion of resistance {unknown}


   Skills:
 + Level 1.0 Fighting
 + Level 1.4 Short Blades
 + Level 2.8 Dodging
 + Level 2.3 Stealth
 + Level 4.0 Spellcasting
 + Level 5.5 Necromancy


You had 9 spell levels left.
You knew the following spells:

 Your Spells              Type           Power      Damage    Failure   Level
a - Necrotise             Necr           88%        1d8       1%          1
b - Vampiric Draining     Necr           22%        2d7       4%          3

Your spell library contained the following spells:

 Spells                   Type           Power      Damage    Failure   Level
 Agony                    Necr           22%        N/A       41%         5
 Animate Dead             Necr           Unusable   N/A       N/A         4

Dungeon Overview and Level Annotations

Branches:
Dungeon (4/15)
 Temple: D:4-7

Altars:
Cheibriados
Hepliaklqana
Kikubaaqudgha
Okawaru
Wu Jian
Yredelemnul

Annotations:
D:4 2 transporters, miserystealer's ghost, amateur DjGl


Message History

Aim: a hound (moderately wounded, chance to affect: 86%)
The hound writhes in agony.
The hound bites you.
Casting: Necrotise (safe; 1% risk of failure)
Confirm with . or Enter, or press ? or * to list all spells.
Aiming: Vampiric Draining (dangerous; 4% risk of failure)
Press: ? - help, Shift-Dir - straight line, f/p - hound
Aim: a hound (heavily wounded)
You draw life force from the hound.
You feel life coursing into your body. The hound bites you.
You closely miss the hound.
The hound is almost dead.
The hound bites you.
A steam dragon comes into view.
The hound completely misses you.
You hit the hound.
You kill the hound!
The dead are walking!
Your Spellcasting skill increases to level 4!
You swap places.
The steam dragon breathes steam at you. The ball of steam hits you!
You swap places.
Your hound zombie is engulfed in a cloud of scalding steam.
Your hound zombie is engulfed in a cloud of scalding steam.
Your hound zombie is engulfed in a cloud of scalding steam.
The steam dragon breathes steam at you.
The ball of steam hits your hound zombie!!
Your hound zombie is destroyed!
The ball of steam hits you.
You are engulfed in a cloud of scalding steam.
You are engulfed in a cloud of scalding steam.
* * * LOW HITPOINT WARNING * * *
The steam dragon breathes steam at you. The ball of steam misses you.
You are engulfed in a cloud of scalding steam.
* * * LOW HITPOINT WARNING * * *
The steam dragon breathes steam at you. The ball of steam hits you!!
You die...
Your body rises from the dead as a mindless zombie.

##################
#...D...D§..§§@..#
###.##############.#
.D.§# # ##### .


There were no monsters in sight!

Vanquished Creatures
  A phantom (D:4)
  2 hounds (D:6)
  Jessica (D:3)
  An iguana (D:4)
  A scorpion zombie (D:3)
  A mummy (D:4)
  3 adders
  A shadow imp (D:6)
  A dart slug (D:3)
  3 orcs (D:4)
  3 ball pythons
  3 endoplasms
  3 giant cockroaches (D:1)
  4 goblins
  9 hobgoblins
  7 jackals
  2 quokkas
  2 ball python zombies (D:3)
  9 bats
  2 frilled lizards
  A hobgoblin zombie (D:4)
  5 kobolds
  A quokka zombie (D:3)
  2 rats (D:2)
68 creatures vanquished.

Vanquished Creatures (collateral kills)
  2 endoplasms
  A giant cockroach (D:1)
  2 jackals
  A hobgoblin zombie (D:4)
  A kobold zombie (D:4)
  An orc zombie (D:4)
8 creatures vanquished.

Vanquished Creatures (others)
  2 hound zombies (D:6)
  An endoplasm zombie (D:4)
  2 goblin zombies (D:4)
  2 hobgoblin zombies (D:4)
  A quokka zombie (D:4)
8 creatures vanquished.

Grand Total: 84 creatures vanquished

Notes
Turn   | Place    | Note
-------+----------+-------------------------------------------
     0 | D:1      | LadyBoffin the Human Necromancer began the quest for the
                  | Orb.
     0 | D:1      | Reached XP level 1. HP: 13/13 MP: 3/3
   242 | D:1      | Reached XP level 2. HP: 19/19 MP: 3/5
   427 | D:1      | Reached XP level 3. HP: 16/24 MP: 0/6
  1212 | D:2      | Learned a level 3 spell: Vampiric Draining
  1569 | D:2      | Found a faded altar of an unknown god.
  1583 | D:2      | Reached XP level 4. HP: 31/31 MP: 1/8
  1778 | D:2      | Found an ancient bone altar of Kikubaaqudgha.
  2025 | D:3      | Found an iron altar of Okawaru.
  2229 | D:3      | Noticed Jessica
  2287 | D:3      | Found a snail-covered altar of Cheibriados.
  2557 | D:3      | Killed Jessica
  2558 | D:3      | Reached XP level 5. HP: 30/36 MP: 5/9
  2646 | D:3      | Found a basalt altar of Yredelemnul.
  2685 | D:3      | Became a worshipper of Yredelemnul the Dark
  2710 | D:3      | Reached skill level 5 in Necromancy
  2978 | D:3      | Found a hazy altar of Hepliaklqana.
  3184 | D:4      | Found a transporter.
  3186 | D:4      | Found a transporter.
  3186 | D:4      | Noticed miserystealer's ghost (amateur DjGl)
  3189 | D:4      | Noticed an ogre
  3189 | D:4      | Noticed an ogre
  3299 | D:4      | Noticed a black bear
  3476 | D:4      | Noticed a phantom
  3492 | D:4      | Killed a phantom
  3493 | D:4      | Reached skill level 1 in Short Blades
  3493 | D:4      | Reached XP level 6. HP: 30/42 MP: 11/11
  3725 | D:4      | Reached skill level 1 in Fighting
  3755 | D:4      | You are sucked into a shaft and drop 2 floors!
  3838 | D:6      | Noticed a sky beast
  3943 | D:6      | Found an ornate altar of the Wu Jian Council.
  4150 | D:6      | Noticed a steam dragon
  4168 | D:6      | HP: 1/43 [something] (6)]
  4172 | D:6      | Killed from afar by a steam dragon

Illustrated notes

Levels and vault maps discovered:
D:1:      eino_arrival_druids_welcome, layout_basic, serial_glass,
          glass_columns_b, glass_columns_b
D:2:      layout_loops_ring, hellmonk_ecumenical_altar_blasted, basic_altar
D:3:      layout_basic, nicolae_yredelemnul_corpse_copse, cheibriados_altar_1,
          okawaru_metal_pillars_1_2, nzn_hepliaklqana_mist_gate, uniq_jessica
D:4:      layout_loops_ring, gammafunk_ghost_smash, minmay_mini_ossuary
D:6:      layout_loops_ring, amethyst_overflow_temple_binary,
          minmay_temple_entry_glass

Skill      XL: |  1  2  3  4  5  6 |
---------------+-------------------+-----
Spellcasting   | 3 4 |  4.0
Necromancy     | 5 |  5.5
Short Blades   | 1 |  1.4
Fighting       | 1 |  1.0
Dodging        | |  2.8
Stealth        | |  2.3

Action                   |  1- 3 |  4- 6 || total
-------------------------+-------+-------++-------
Melee: Dagger            |     8 |    51 ||    59
       Punch             |       |     1 ||     1
 Cast: Necrotise         |    65 |    63 ||   128
       Vampiric Draining |       |     4 ||     4
  Use: Scroll            |     2 |     5 ||     7
       Potion            |       |     3 ||     3
 Stab: Sleeping          |       |     1 ||     1
Armor: Robe              |    26 |    12 ||    38
Dodge: Dodged            |    85 |    58 ||   143
